 Dungeon Crawl Stone Soup version 0.22-a0-362-g535178c (webtiles) character file.

17592 mortelune the Carver (level 12, -6/97 HPs)
             Began as a Demonspawn Abyssal Knight on Apr 20, 2018.
             Was a High Priest of Lugonu.
             Mangled by Gastronok (29 damage)
             ... on level 1 of the Lair of Beasts.
             The game lasted 00:33:05 (17366 turns).

mortelune the Carver (Demonspawn Abyssal Knight)   Turns: 17366, Time: 00:33:06

Health: -6/97      AC: 16    Str: 16    XL:     12   Next: 20%
Magic:  19/19      EV: 13    Int: 15    God:    Lugonu [*****.]
Gold:   548        SH:  0    Dex: 13    Spells: 11/11 levels left

rFire    + . .     SeeInvis +   y - +4 scimitar
rCold    . . .     Gourm    .   (no shield)
rNeg     . . .     Faith    .   s - +0 scale mail
rPois    .         Spirit   .   (helmet restricted)
rElec    .         Reflect  .   B - scarf {cloud immunity}
rCorr    .         Harm     .   v - +0 pair of gloves
MR       .....                  i - +2 pair of boots
Stlth    ..........             (no amulet)
HPRegen  0.26/turn              (no ring)
MPRegen  0.16/turn              A - ring of see invisible

@: slowed, very slow
A: antennae 1, molten scales 3, spiny 2
a: Depart the Abyss, Bend Space, Banish, Corrupt, Enter the Abyss, Renounce
Religion


You were on level 1 of the Lair of Beasts.
You worshipped Lugonu.
Lugonu was extremely pleased with you.
You were not hungry.

You visited 2 branches of the dungeon, and saw 13 of its levels.
You visited the Abyss 1 time.
You also visited: Sewer.

You collected 548 gold pieces.

Inventory:

Hand Weapons
 a - a +1 falchion
 y - a +4 scimitar (weapon)
 F - a +1 flail of pain
 N - a +1 morningstar of venom
Missiles
 w - 9 tomahawks of dispersal (quivered)
Armour
 b - a +0 leather armour
 i - a +2 pair of boots (worn)
 k - a +0 ring mail
 p - a +0 plate armour
 s - a +0 scale mail (worn)
 v - a +0 pair of gloves (worn)
 B - a scarf of cloud immunity (worn)
 M - a +0 cloak
Jewellery
 A - a ring of see invisible (right hand)
Wands
 h - a wand of flame (36)
 z - a wand of disintegration (26)
 G - a wand of scattershot (2)
 I - a wand of random effects (28)
 K - a wand of paralysis (7)
Scrolls
 d - 4 scrolls of magic mapping
 e - 5 scrolls of teleportation
 f - 5 scrolls of amnesia
 j - 2 scrolls of immolation
 o - 4 scrolls of remove curse
 r - a scroll of enchant armour
 x - 3 scrolls of fog
 C - a scroll of fear {unknown}
 J - a scroll of identify
 P - a scroll of brand weapon {unknown}
 Q - 2 scrolls of vulnerability {unknown}
 T - a scroll of enchant weapon {unknown}
Potions
 g - a potion of mutation
 l - a potion of invisibility
 m - 5 potions of curing
 n - 3 potions of brilliance
 q - 2 potions of heal wounds
 t - a potion of magic
 u - 5 potions of flight
 D - 2 potions of ambrosia
 E - a potion of berserk rage
 H - 2 potions of resistance
 L - a potion of haste
 O - a potion of cancellation {unknown}
 R - a potion of degeneration {unknown}
 S - a potion of agility {unknown}
Comestibles
 c - 26 rations
 U - 7 chunks of flesh


   Skills:
 + Level 9.8 Fighting
 * Level 12.0 Long Blades
 + Level 6.1 Armour
 + Level 6.5 Dodging
 - Level 10.4 Invocations


You had 11 spell levels left.
You didn't know any spells.

Dungeon Overview and Level Annotations

Branches:
Dungeon (12/15)            Temple (0/1) D:6            Lair (1/6) D:11
    Orc (0/2) D:9

Altars:
Ashenzari
Cheibriados
Hepliaklqana
Makhleb
Sif Muna
Xom

Annotations:
Lair:1 Gastronok
Abyss:1 Maurice


Innate Abilities, Weirdness & Mutations

You have a pair of small antennae on your head.
You are completely covered in molten scales. (AC +4, rF+)
You are mostly covered in sharp spines.


Message History

Gastronok waves his eye-stalks in wide circles.
The air twists around and strikes you!
* * * LOW HITPOINT WARNING * * *
You hit Gastronok but do no damage.
Gastronok is heavily wounded.
Gastronok is struck by your spines. Gastronok bites you.
* * * LOW HITPOINT WARNING * * *
You slash Gastronok!
Gastronok is severely wounded.
You slash Gastronok!
Gastronok is severely wounded.
Gastronok casts a spell.
You hit Gastronok.
Gastronok is severely wounded.
The river rat is struck by your spines.
The river rat bites you but does no damage.
You hit Gastronok.
Gastronok is severely wounded.
Gastronok bites you!!
You die...

....... ##..... ..# P.
....... #.# ##...
...#.# #.# ..#..
#..... #.## .#.. .# .
#####.P##..# .# ...
..........# .#
.....####$.P#.#.#.#
#..
........†..r@w....#
..####.###†##.###.####
##.# #.# ####.# # ....
#.# #.# #...# #.# #.#
.....##.# #.#
......#.# #.#
....#..## ####.#
..⌠.#.#.###.##.#


You could see Gastronok and a river rat.

Vanquished Creatures
  Erolcha (D:12)
  A gargoyle (D:11)
  The ghost of mortelune the Schismatic, a novice DsAK of Lugonu (D:5)
  A spiny frog (Lair:1)
  2 centaur skeletons (D:10)
  A queen bee (D:12)
  A troll (D:10)
  Grinder (D:5)
  A hippogriff (D:12)
  A meliai zombie (D:12)
  Sigmund (D:2)
  A shadow (D:11)
  36 yaks
  Eustachio (D:6)
  2 hungry ghosts
  2 wargs (D:11)
  2 water moccasins (Lair:1)
  A porcupine (Lair:1)
  6 orc warriors
  An ice beast (D:7)
  A necrophage (D:9)
  2 phantoms
  A sky beast (D:10)
  A black bear (D:11)
  The ghost of mortelune the Skirmisher, an amateur DsAK of Lugonu (D:3)
  12 centaurs
  6 ogres
  2 crocodiles
  A big kobold (D:7)
  9 bullfrogs
  A wyvern skeleton (D:11)
  4 scorpions
  17 killer bees (D:12)
  6 howler monkeys
  3 electric eels (D:6)
  6 wights
  4 crimson imps
  A bullfrog skeleton (D:11)
  2 hounds
  4 jellies
  5 orc priests
  Crazy Yiuf (D:2)
  12 orc wizards
  Ijyb (D:5)
  5 iguanas
  7 worker ants
  A hound zombie (D:5)
  Robin (D:2)
  2 worker ant zombies
  15 adders
  3 gnolls (D:6)
  A shadow imp (D:7)
  3 oozes
  3 adder skeletons
  An adder zombie (D:7)
  3 worms
  2 dart slugs
  6 leopard geckos
  46 orcs
  A bat (D:2)
  6 giant cockroaches
  11 goblins
  12 hobgoblins
  7 jackals
  3 quokkas
  7 ball pythons
  6 frilled lizards
  8 kobolds
  A leopard gecko skeleton (D:4)
  A leopard gecko zombie (D:5)
  10 rats
  A fungus (D:2)
  A plant (Sewer)
341 creatures vanquished.

Vanquished Creatures (others)
  The ghost of mortelune the Carver, a journeyman DsAK of Lugonu (D:11)
  A two-headed ogre (D:9)
  An ugly thing (D:11)
  A cyclops (D:11)
  A troll (D:8)
  A hippogriff (D:7)
  An electric eel (D:6)
  An orc (D:6)
8 creatures vanquished.

Grand Total: 349 creatures vanquished

Notes
Turn   | Place    | Note
-------+----------+-------------------------------------------
     0 | Abyss:1  | mortelune the Demonspawn Abyssal Knight began the quest for the Orb.
     0 | Abyss:1  | Reached XP level 1. HP: 18/18 MP: 2/2
    16 | Abyss:1  | Found a roughly hewn altar of Beogh.
    27 | D:1      | Escaped the Abyss
    51 | D:1      | Reached skill level 1 in Dodging
   199 | D:1      | Reached skill level 2 in Long Blades
   200 | D:1      | Gained mutation: You have a pair of small antennae on your head. [demonic ancestry]
   200 | D:1      | Reached XP level 2. HP: 23/24 MP: 3/3
  1005 | D:2      | Gained mutation: You are partially covered in sharp spines. [demonic ancestry]
  1005 | D:2      | Reached XP level 3. HP: 29/29 MP: 4/4
  1507 | D:2      | Noticed Sigmund
  1729 | D:3      | Noticed mortelune's ghost (amateur DsAK)
  1731 | D:3      | Reached ** piety under Lugonu
  1733 | D:3      | Reached skill level 3 in Long Blades
  1735 | D:3      | Gained mutation: You are mostly covered in sharp spines. [demonic ancestry]
  1735 | D:3      | Reached XP level 4. HP: 24/35 MP: 5/5
  2044 | D:3      | Killed mortelune's ghost
  2044 | D:3      | Gained mutation: You are partially covered in molten scales. (AC +2) [demonic ancestry]
  2044 | D:3      | Reached XP level 5. HP: 37/42 MP: 6/6
  2581 | D:4      | Reached skill level 4 in Long Blades
  2725 | D:4      | Noticed a hungry ghost
  2754 | D:4      | Reached XP level 6. HP: 40/48 MP: 7/7
  2761 | D:3      | Paralysed by fainting for 9 turns
  2767 | D:3      | Killed a hungry ghost
  3107 | D:4      | Found a shimmering altar of Xom.
  3185 | D:4      | Reached skill level 5 in Long Blades
  3185 | D:4      | Reached XP level 7. HP: 55/55 MP: 8/8
  3293 | D:4      | Found a shattered altar of Ashenzari.
  3683 | D:5      | Entered Level 5 of the Dungeon
  3743 | D:5      | Reached skill level 5 in Fighting
  3792 | D:5      | Noticed Grinder
  3969 | D:5      | Noticed mortelune's ghost (novice DsAK)
  4055 | D:6      | Found a staircase to the Ecumenical Temple.
  4121 | D:6      | Found a glowing drain.
  4137 | Sewer    | Entered a sewer
  4230 | Sewer    | Reached *** piety under Lugonu
  5547 | D:6      | Reached skill level 6 in Long Blades
  5601 | D:6      | Noticed Eustachio
  5624 | D:6      | Killed Eustachio
  5624 | D:6      | Reached XP level 8. HP: 33/63 MP: 8/10
  6928 | D:7      | Found a snail-covered altar of Cheibriados.
  7235 | D:7      | Reached skill level 7 in Long Blades
  7323 | D:7      | Reached skill level 5 in Dodging
  7377 | D:7      | Noticed a hippogriff
  7428 | D:7      | Banished a hippogriff
  7428 | D:7      | Reached skill level 5 in Invocations
  7617 | D:7      | Reached XP level 9. HP: 29/70 MP: 12/12
  8014 | D:7      | Found a burning altar of Makhleb.
  8014 | D:7      | Noticed an Executioner
  8018 | D:7      | Noticed an orange demon
  8694 | D:8      | Noticed a troll
  8696 | D:8      | Banished a troll
  8696 | D:8      | Reached skill level 8 in Long Blades
  9425 | D:9      | Reached skill level 9 in Long Blades
  9425 | D:9      | Gained mutation: You are mostly covered in molten scales. (AC +3) [demonic ancestry]
  9425 | D:9      | Reached XP level 10. HP: 77/79 MP: 15/15
  9451 | D:9      | Noticed a two-headed ogre
  9454 | D:9      | Banished a two-headed ogre
  9829 | D:9      | Found a hazy altar of Hepliaklqana.
  9881 | D:9      | Found a staircase to the Orcish Mines.
 10046 | D:10     | Entered Level 10 of the Dungeon
 10876 | D:9      | Reached skill level 10 in Long Blades
 11701 | D:10     | Gained mutation: You are completely covered in molten scales. (AC +4, rF+) [demonic ancestry]
 11701 | D:10     | Reached XP level 11. HP: 87/87 MP: 17/17
 11707 | D:10     | Reached **** piety under Lugonu
 12103 | D:11     | Noticed mortelune's ghost (journeyman DsAK)
 12103 | D:11     | Banished mortelune's ghost
 12162 | D:11     | Noticed Maurice
 12166 | D:11     | Banished Maurice
 12653 | D:11     | Found a staircase to the Lair.
 12942 | D:11     | Noticed a purple ugly thing
 12964 | D:11     | Banished a purple ugly thing
 12964 | D:11     | Reached skill level 11 in Long Blades
 13007 | D:11     | Reached skill level 5 in Armour
 13487 | Lair:1   | Entered Level 1 of the Lair of Beasts
 13721 | D:5      | Killed mortelune's ghost
 13743 | D:5      | Noticed Ijyb
 13751 | D:5      | Paralysed by Ijyb for 5 turns
 13759 | D:5      | Killed Ijyb
 13835 | D:5      | Paralysed by Grinder for 6 turns
 13846 | D:5      | Killed Grinder
 14320 | D:2      | Noticed Robin
 14324 | D:2      | Reached skill level 10 in Invocations
 14328 | D:2      | Killed Robin
 14367 | D:2      | Found a deep blue altar of Sif Muna.
 14533 | D:2      | Killed Sigmund
 14876 | D:2      | Found a runed door.
 14880 | D:2      | Noticed Crazy Yiuf
 14887 | D:2      | Killed Crazy Yiuf
 16061 | D:12     | Reached ***** piety under Lugonu
 16127 | D:12     | Noticed Erolcha
 16143 | D:12     | Killed Erolcha
 16763 | Lair:1   | Reached XP level 12. HP: 68/96 MP: 19/19
 17327 | Lair:1   | Reached skill level 12 in Long Blades
 17343 | Lair:1   | Noticed Gastronok
 17366 | Lair:1   | Mangled by Gastronok

Vault maps used:
D:1:      dpeg_arrival_tiny_k, minmay_misc_feat_chi, hex_large,
          dk_noncrumbling_4
D:2:      lemuel_crystal_altar, dk_vineyard_2, kennysheep_generic_room_7,
          uniq_crazy_yiuf_cottage, uniq_sigmund, uniq_robin
D:3:      hangedman_decor_push, minmay_misc_feat_alley, st_stairs_9
D:4:      old_standard_altar, old_standard_altar, first_ration,
          skrybe_limestone_x, hangedman_decor_opposing, hangedman_decor_growths
D:5:      uniq_grinder, uniq_ijyb
D:6:      minmay_temple_entry_hall, serial_bayou, serial_bayou_ford_a,
          serial_bayou_lake_a, serial_bayou_shore_a, serial_bayou_pond_e,
          portal_sewer_entry_c, uniq_eustachio
D:7:      makhleb_altar_promises_db, slow_altar_1, grunt_ministairs_9,
          minmay_unpleasant_kobolds
D:8:      kennysheep_generic_room_4
D:9:      lemuel_coloured_pillars_altar
D:11:     erik_lair_orcish_takeover, serial_glass, glass_columns_a,
          glass_columns_b, uniq_maurice
D:12:     david_nohive_1, uniq_erolcha
Lair:1:   st_stairs_12, grunt_forest_small_clearings, grunt_megastairs_1,
          uniq_gastronok, uniq_prince_ribbit2, uniq_grum
Abyss:1:  hangedman_summoners_spam
Sewer:    sewer_co_scattered_pipes

Skill      XL: |  1  2  3  4  5  6  7  8  9 10 11 12 |
---------------+-------------------------------------+-----
Dodging        | 1 2 3 4 5 6 |  6.5
Long Blades    | 2 3 4 5 6 7 9 10 11 12 | 12.0
Fighting       | 4 5 6 7 8 9 |  9.8
Invocations    | 5 7 8 10 | 10.4
Armour         | 4 5 6 |  6.1

Action                   |  1- 3 |  4- 6 |  7- 9 | 10-12 || total
-------------------------+-------+-------+-------+-------++-------
Melee: Falchion          |    88 |    59 |   253 |       ||   400
       Scimitar          |       |       |    82 |   490 ||   572
Invok: Banish            |       |       |     6 |     6 ||    12
Evoke: Wand              |       |       |     9 |       ||     9
  Use: Potion            |     1 |       |     4 |     2 ||     7
       Scroll            |     1 |       |    10 |     6 ||    17
 Stab: Sleeping          |     1 |       |       |       ||     1
  Eat: Chunk             |     2 |     1 |    16 |    25 ||    44
       Ration            |       |     2 |     2 |     1 ||     5
Armor: Leather armour    |    27 |    31 |    10 |       ||    68
       Ring mail         |       |       |    37 |       ||    37
       Scale mail        |       |       |    63 |   164 ||   227
Dodge: Dodged            |    51 |    39 |   168 |   252 ||   510
       Rpst.: Falchion   |    14 |    13 |    35 |       ||    62
       Scimitar          |       |       |    13 |    87 ||   100

Table legend:
 A = Spawn XP
 B = Non-spawn XP
 C = Spawn XP percentage of total XP
 D = Spawn monster count
 E = Non-spawn monster count
 F = Spawn count percentage of total count
 G = Total turns spent on level
                    A         B        C        D         E        F      G
               +---------+---------+-------+---------+---------+-------+---------
         Total |       0 |   25132 |   0.0 |       0 |     347 |   0.0 | 17366
               +---------+---------+-------+---------+---------+-------+---------
           D:1 |       0 |      36 |   0.0 |       0 |      19 |   0.0 |   965
           D:2 |       0 |     371 |   0.0 |       0 |      26 |   0.0 |  1457
           D:3 |       0 |     416 |   0.0 |       0 |      20 |   0.0 |  1222
           D:4 |       0 |     407 |   0.0 |       0 |      21 |   0.0 |  1098
           D:5 |       0 |    1241 |   0.0 |       0 |      15 |   0.0 |  1343
           D:6 |       0 |     926 |   0.0 |       0 |      33 |   0.0 |  1994
           D:7 |       0 |    1342 |   0.0 |       0 |      26 |   0.0 |  1101
           D:8 |       0 |     724 |   0.0 |       0 |      15 |   0.0 |   856
           D:9 |       0 |    3356 |   0.0 |       0 |      33 |   0.0 |  1497
          D:10 |       0 |    3902 |   0.0 |       0 |      28 |   0.0 |  1442
          D:11 |       0 |    5046 |   0.0 |       0 |      45 |   0.0 |  1501
          D:12 |       0 |    3494 |   0.0 |       0 |      33 |   0.0 |  1533
        Lair:1 |       0 |    3802 |   0.0 |       0 |      19 |   0.0 |   634
         Sewer |       0 |      69 |   0.0 |       0 |      14 |   0.0 |   696
               +---------+---------+-------+---------+---------+-------+---------
